 Dungeon Crawl Stone Soup version 0.31-a0-835-g2a3a5bc3be (webtiles) character file.

Game seed: 11210993035954204758

45908 Ethylacetat the Covert (level 14, -13/101 HPs)
             Began as an Octopode Gladiator on Sept 26, 2023.
             Was an Initiate of Gozag.
             Mangled by a frost giant
             ... wielding a +2 battleaxe of freezing
              (36 damage)
             ... on level 13 of the Dungeon.
             The game lasted 00:55:26 (15266 turns).

Ethylacetat the Covert (Octopode Gladiator)        Turns: 15266, Time: 00:55:26

Health: -13/101    AC: 12    Str: 13    XL:     14   Next: 35%
Magic:  19/19      EV: 30    Int: 11    God:    Gozag
Gold:   3726       SH:  0    Dex: 18    Spells: 19/19 levels left

rFire   + . .        A - +2 rapier (protect)
rCold   + . .        (no shield)
rNeg    . . .        (helmet currently unavailable)
rPois   .            P - amulet of regeneration
rElec   .            j - ring of protection from cold
rCorr   .            u - +5 ring of evasion
SInv    .            J - ring of protection from fire
Will    +....        N - +5 ring of evasion
Stlth   +++++++      S - +4 ring of protection
HPRegen 1.16/turn    T - ring of flight
MPRegen 0.16/turn    (no ring)
                     (no ring)

%: no passive effects
@: beast-form, flayed, under a protective aura, flying, invisible
A: beast (slay +4), almost no armour, amphibious, 8 rings, camouflage 1,
gelatinous body 1, (nimble swimmer 1), tentacles
a: Begin Untransformation, Renounce Religion, Potion Petition, Call Merchant,
Bribe Branch


You were on level 13 of the Dungeon.
You worshipped Gozag.
Gozag was most pleased with you.
You were a hulking beast.
You visited 1 branch of the dungeon, and saw 13 of its levels.
You also visited: Bailey.

You collected 3799 gold pieces.
You paid 73 gold pieces to Gozag.

Inventory:

Hand Weapons
 l - a +2 dagger of venom
 m - a +2 dagger of freezing
 A - a +2 rapier of protection (weapon)
Missiles
 b - 3 throwing nets (quivered)
Jewellery
 j - a ring of protection from cold (left tentacle)
 u - a +5 ring of evasion (right tentacle)
 J - a ring of protection from fire (on tentacle)
 N - a +5 ring of evasion (on tentacle)
 P - an amulet of regeneration (around mantle)
 S - a +4 ring of protection (on tentacle)
 T - a ring of flight (on tentacle)
Talismans
 M - a beast talisman (active)
Wands
 v - a wand of roots (20)
 z - a wand of paralysis (11)
 D - a wand of light (14)
 O - a wand of flame (24)
 Q - a wand of digging (6)
Scrolls
 c - 2 scrolls of identify
 g - 2 scrolls of blinking {unknown}
 h - 2 scrolls of teleportation {unknown}
 o - 4 scrolls of enchant armour {unknown}
 r - a scroll of fog {unknown}
 s - 4 scrolls of enchant weapon {unknown}
 t - a scroll of amnesia {unknown}
 w - 3 scrolls of noise {unknown}
 y - a scroll of torment {unknown}
 C - 4 scrolls of fear
 F - 4 scrolls of revelation {unknown}
 H - a scroll of butterflies {unknown}
 I - 2 scrolls of immolation
 K - 3 scrolls of vulnerability {unknown}
 L - a scroll of poison {unknown}
Potions
 d - 3 potions of heal wounds
 e - 4 potions of mutation
 f - a potion of resistance {unknown}
 i - a potion of brilliance {unknown}
 k - a potion of invisibility
 n - 2 potions of ambrosia
 p - a potion of might
 q - 7 potions of curing
 B - a potion of enlightenment {unknown}
 E - a potion of attraction {unknown}
 G - a potion of cancellation
 R - a potion of berserk rage {unknown}


   Skills:
 + Level 11.6 Fighting
 - Level 10.0 Short Blades
 - Level 2.0 Throwing
 + Level 11.8 Dodging
 + Level 14.9 Stealth
 - Level 3.0 Unarmed Combat
 - Level 3.3 Spellcasting
 + Level 10.4 Shapeshifting


You had 19 spell levels left.
You didn't know any spells.
Your spell library contained the following spells:

 Spells                   Type           Power      Damage    Failure   Level
 Freeze                   Ice            4%         1d3       26%         1
 Blink                    Tloc           2%         N/A       36%         2
 Frozen Ramparts          Ice            2%         1d1       58%         3
 Hailstorm                Conj/Ice       1%         3d3       58%         3
 Ignite Poison            Fire/Tmut/Pois 1%         N/A       58%         3
 Ozocubu's Armour         Ice            1%         N/A       58%         3
 Manifold Assault         Tloc           1%         N/A       94%         4
 Sticky Flame             Conj/Fire      1%         2d3       94%         4
 Summon Ice Beast         Ice/Summ       1%         N/A       94%         4
 Metabolic Englaciation   Hex/Ice        0%         N/A       100%        5
 Summon Mana Viper        Hex/Summ       1%         N/A       100%        5
 Monstrous Menagerie      Summ           0%         N/A       100%        7
 Ignition                 Fire           0%         3d3       100%        8
 Simulacrum               Ice/Necr       Unusable   N/A       N/A         6

Dungeon Overview and Level Annotations

Branches:
Dungeon (13/15)            Temple (0/1) D:7            Lair (0/5) D:11
    Orc (0/2) D:11         Bailey (visited)
 Vaults: D:13-14

Altars:
Ashenzari
Elyvilon
Gozag
Makhleb
Ru
Vehumet
Xom
Yredelemnul
Zin

Shops:
D:3 [   D:6 *

Portals:
Trove: D:10 (give +4 demon blade)


Innate Abilities, Weirdness & Mutations

You are a hulking beast.
Your limbs bulge with bestial killing power. (Slay +4)
You cannot wear most types of armour.
You are amphibious.
You can wear up to eight rings at the same time.
Your skin changes colour to match your surroundings (Stealth+).
Your rubbery body absorbs attacks. (AC +1, EV +1)
((You are camouflaged when in or above water. (Stealth+)))
You have tentacles for arms and can constrict up to eight enemies at once.


Message History

You puncture the frost giant!
You squeeze the frost giant, but do no damage.
The frost giant is moderately wounded.
The frost giant is no longer blind.
The frost giant misses you.
You hit the frost giant but do no damage.
The frost giant is lightly wounded.
The frost giant completely misses you.
Aiming: Bolt of Light
Press: ? - help, Shift-Dir - straight line, f - flayed ghost, p - frost giant
Aim: a flayed ghost (lightly damaged, blind, 57% to hit)
The bolt of light hits the frost giant.
The frost giant is moderately wounded.
The frost giant is blinded.
The bolt of light misses the flayed ghost.
The frost giant barely misses you.
You barely miss the frost giant.
You squeeze the frost giant, but do no damage.
The frost giant is lightly wounded.
You puncture the frost giant!
The frost giant is moderately wounded.
The flayed ghost is no longer blind.
The frost giant hits you with a +2 battleaxe of freezing!!
* * * LOW HITPOINT WARNING * * *
The frost giant freezes you.
* * * LOW HITPOINT WARNING * * *
The boulder beetle completely misses you.
You fade into invisibility!
The flayed ghost stares at you with tortured malice.
* * * LOW HITPOINT WARNING * * *
The boulder beetle closely misses you.
Throw: 4 throwing nets
Press: ? - help, Q - select action, (/) - cycle Shift-Dir - straight line, f - frost giant, p - flayed ghost
Aim: a frost giant, wielding a +2 battleaxe of freezing (moderately wounded, blind, 89% to hit, immune to nets)
You throw a throwing net. The throwing net hits the frost giant.
The frost giant is too large for the net to hold!
The frost giant is moderately wounded.
The frost giant is no longer blind.
The frost giant hits you with a +2 battleaxe of freezing!!!
You die...
Your body crumbles into a pile of gold.

...................
...................
...................
...................
..................
##...........#####
#####...##### #.B.#
##h## #C# #W#
#...?.# ...........
.W...........C.
#[[$.......$[?#
######...######
#####


You could see a frost giant, a boulder beetle (unable to see you) and a flayed
ghost (unable to see you).

Vanquished Creatures
  A frost giant (D:13)
  An orc warlord (Bailey)
  3 hydras (D:13)
  Erica (D:8)
  7 two-headed ogres
  4 centaur warriors (D:13)
  5 boulder beetles
  Sonja (D:12)
  5 skeletal warriors (D:11)
  2 deep elf pyromancers (D:13)
  2 orc knights
  A manticore (D:13)
  3 cyclopes
  5 gargoyles
  Maggie (D:8)
  An unseen horror (D:13)
  A kobold demonologist (D:11)
  4 yaktaurs (D:13)
  3 komodo dragons
  Psyche (D:8)
  A rime drake (D:11)
  2 tengu conjurers (D:13)
  Grinder (D:4)
  6 trolls
  A meliai (D:13)
  A blink frog (shapeshifter) (D:13)
  23 yaks
  A wyvern (D:6)
  Sigmund (D:4)
  A spriggan (shapeshifter) (D:13)
  3 wraiths
  Grum (D:9)
  2 steam dragons
  11 vampire mosquitoes
  Duvessa (D:5)
  An acid dragon (D:13)
  The ghost of Tinttamiau the Trooper, an amateur TrDe (D:3)
  2 black bears
  A sky beast (D:7)
  9 orc warriors
  3 ice beasts
  9 centaurs
  An ogre (D:4)
  4 wolves
  2 phantoms
  3 kobold brigands
  2 bullfrogs
  3 gnoll sergeants
  3 scorpions
  Dowan (D:5)
  5 killer bees
  5 howler monkeys
  2 electric eels (D:11)
  3 gnoll boudas
  8 orc priests
  3 jellies
  4 sleepcaps
  7 hounds
  6 iguanas
  12 orc wizards
  Robin (D:2)
  10 adders
  22 gnolls
  A shadow imp (D:6)
  4 ufetubi (D:6)
  2 worms
  6 dart slugs
  58 orcs
  9 ball pythons
  3 bats (D:2)
  5 endoplasms
  4 giant cockroaches
  16 goblins
  10 hobgoblins
  A jackal (D:3)
  28 kobolds
  3 quokkas
  6 frilled lizards
  6 rats
  A spectral orc (D:4)
404 creatures vanquished.

Vanquished Creatures (others)
  A howler monkey (D:9)
  An orc wizard (D:7)
2 creatures vanquished.

Grand Total: 406 creatures vanquished

Notes
Turn   | Place    | Note
-------+----------+-------------------------------------------
     0 | D:1      | Ethylacetat the Octopode Gladiator began the quest for the
                  | Orb.
     0 | D:1      | Reached XP level 1. HP: 14/14 MP: 1/1
    65 | D:1      | Reached skill level 1 in Stealth
    67 | D:1      | Reached XP level 2. HP: 8/19 MP: 2/2
   115 | D:1      | You fall into a shaft and drop 1 floor!
   801 | D:2      | Reached skill level 2 in Stealth
   801 | D:2      | Reached XP level 3. HP: 25/25 MP: 3/3
   869 | D:2      | Noticed Robin
   983 | D:2      | Reached skill level 1 in Shapeshifting
  1015 | D:2      | Killed Robin
  1016 | D:2      | Reached XP level 4. HP: 23/30 MP: 4/4
  1216 | D:2      | Reached skill level 3 in Stealth
  1387 | D:3      | Identified the +1 ring mail of Time Monsters {rElec}
  1391 | D:3      | Found Xidod's Armour Emporium.
  1464 | D:3      | Found a broken altar of Ashenzari.
  1544 | D:3      | Reached XP level 5. HP: 25/36 MP: 5/5
  1600 | D:3      | Found a runed translucent gate.
  1601 | D:3      | Found a runed translucent gate.
  1602 | D:3      | Found a runed translucent gate.
  1604 | D:3      | Noticed Tinttamiau's ghost (amateur TrDe)
  1605 | D:3      | Noticed a kobold brigand
  1648 | D:3      | Found a faded altar of an unknown god.
  1866 | D:3      | Reached skill level 1 in Short Blades
  2365 | D:4      | Reached XP level 6. HP: 27/42 MP: 6/6
  2445 | D:4      | HP: 2/42 [phantom (7)]
  2449 | D:4      | Reached skill level 4 in Stealth
  2628 | D:4      | Reached XP level 7. HP: 47/47 MP: 7/7
  2996 | D:4      | Noticed Grinder
  3009 | D:4      | Killed Grinder
  3010 | D:4      | Reached skill level 5 in Stealth
  3274 | D:4      | Found a basalt altar of Yredelemnul.
  3338 | D:4      | Noticed Sigmund
  3345 | D:4      | Killed Sigmund
  3346 | D:4      | Reached skill level 5 in Dodging
  3346 | D:4      | Reached XP level 8. HP: 54/54 MP: 8/8
  3476 | D:5      | Entered Level 5 of the Dungeon
  3565 | D:5      | Found an opulent altar of Gozag.
  3575 | D:5      | Became a worshipper of Gozag Ym Sagoz the Greedy
  3653 | D:5      | Reached skill level 6 in Stealth
  3728 | D:5      | Found a radiant altar of Vehumet.
  4026 | D:5      | Identified the +2 ring mail of the Wilderness {Rampage
                  | *Corrode rPois}
  4107 | D:5      | Reached skill level 5 in Fighting
  4355 | D:5      | Found a sacrificial altar of Ru.
  4473 | D:5      | Noticed Duvessa
  4474 | D:5      | Noticed Dowan
  4609 | D:5      | Killed Dowan
  4860 | D:5      | Killed Duvessa
  4892 | D:6      | Reached skill level 7 in Stealth
  4893 | D:6      | Found Malerch's Overcharged Wands.
  4955 | D:6      | Noticed a troll
  4963 | D:6      | Killed a troll
  4964 | D:6      | Reached XP level 9. HP: 54/61 MP: 9/9
  5055 | D:6      | Noticed a two-headed ogre
  5061 | D:6      | Killed a two-headed ogre
  5062 | D:6      | Reached skill level 5 in Short Blades
  5062 | D:6      | Reached skill level 8 in Stealth
  5131 | D:6      | Reached skill level 5 in Shapeshifting
  5421 | D:6      | Reached skill level 9 in Stealth
  5421 | D:6      | Reached XP level 10. HP: 52/69 MP: 10/10
  5454 | D:6      | Noticed a gargoyle
  5474 | D:6      | Killed a gargoyle
  5502 | D:6      | Noticed a boulder beetle
  5515 | D:6      | Killed a boulder beetle
  5752 | D:7      | Found a staircase to the Ecumenical Temple.
  5874 | D:7      | Noticed a two-headed ogre
  6571 | D:7      | Reached skill level 10 in Stealth
  6752 | D:6      | Killed a two-headed ogre
  6938 | D:8      | Noticed Erica
  6943 | D:8      | Killed Erica
  6944 | D:8      | Reached XP level 11. HP: 76/76 MP: 11/11
  6973 | D:8      | Found a flagged portal.
  6993 | Bailey   | Entered a bailey
  6998 | Bailey   | Noticed an orc warlord
  7075 | Bailey   | Noticed an orc knight
  7445 | Bailey   | Killed an orc knight
  7634 | Bailey   | Found a runed translucent gate.
  7637 | Bailey   | Found a runed translucent gate.
  7638 | Bailey   | Found a runed translucent gate.
  7742 | Bailey   | Killed an orc warlord
  7743 | Bailey   | Reached skill level 11 in Stealth
  7758 | Bailey   | Reached XP level 12. HP: 85/85 MP: 11/17
  7865 | D:8      | Noticed Psyche
  7872 | D:8      | Killed Psyche
  7920 | D:8      | Found a white marble altar of Elyvilon.
  8368 | D:3      | Killed Tinttamiau's ghost
  8921 | D:8      | Noticed Maggie
  8934 | D:8      | Killed Maggie
  9793 | D:9      | Found a shimmering altar of Xom.
  9856 | D:9      | Noticed a two-headed ogre
  9865 | D:9      | Noticed a two-headed ogre
  9871 | D:9      | Killed a two-headed ogre
  9875 | D:9      | Killed a two-headed ogre
 10184 | D:9      | Noticed Grum
 10198 | D:9      | Killed Grum
 10377 | D:10     | Entered Level 10 of the Dungeon
 10571 | D:10     | Reached skill level 12 in Stealth
 10616 | D:10     | Reached skill level 10 in Dodging
 10717 | D:10     | Found a portal to a secret trove of treasure.
 11125 | D:10     | Found a glowing silver altar of Zin.
 11260 | D:11     | Found a staircase to the Lair.
 11299 | D:11     | Reached XP level 13. HP: 59/92 MP: 18/18
 11730 | D:11     | Reached skill level 10 in Fighting
 12157 | D:11     | Found a burning altar of Makhleb.
 12157 | D:11     | Noticed a blizzard demon
 12535 | D:11     | Reached skill level 13 in Stealth
 12770 | D:11     | Found a staircase to the Orcish Mines.
 13483 | D:12     | Reached skill level 10 in Short Blades
 13627 | D:12     | Noticed Sonja
 13634 | D:12     | Killed Sonja
 14548 | D:13     | Reached skill level 14 in Stealth
 14689 | D:13     | Reached XP level 14. HP: 101/101 MP: 19/19
 14771 | D:13     | Reached skill level 10 in Shapeshifting
 15162 | D:13     | Noticed a frost giant
 15176 | D:13     | Killed a frost giant
 15245 | D:13     | Noticed a frost giant
 15266 | D:13     | Mangled by a frost giant

Illustrated notes

Levels and vault maps discovered:
D:1:      minmay_arrival_four_circles, layout_basic
D:2:      layout_basic, uniq_robin
D:3:      layout_rooms, mainiacjoe_overflow_cross_hatched, serial_shops,
          shop_statue, basic_ecumenical_altar, gammafunk_ghost_nasty_kobolds,
          minmay_fractal_squares_diagonal_5
D:4:      layout_basic, yredelemnul_forgotten_temple_becter, uniq_sigmund,
          uniq_grinder
D:5:      layout_cave_pods, lemuel_tele_altar, nicolae_vehumet_radiance,
          mainiacjoe_overflow_brackets, uniq_duvessa
D:6:      wad_guarded_room, layout_rooms, serial_glass, glass_columns_a,
          glass_columns_a, nicolae_shop_overcharged_wands
D:7:      layout_basic, minmay_temple_entry_gardened_gates,
          nicolae_fountain_basement
D:8:      layout_layer_cave, elyvilon_altar_1, enter_bailey_3, uniq_erica,
          uniq_maggie, uniq_psyche
D:9:      layout_rooms, xom_confusion_cloud, nicolae_elevator_lobby_asterisk,
          uniq_grum
D:10:     layout_loops_ring, zin_statuary, nicolae_trove_entry_free_sample
D:11:     layout_roguey, hellmonk_lair_entry_icy, erik_orc_2, amethyst_killhole,
          makhleb_altar_promises_db
D:12:     layout_layer_cave, lemuel_flamethrower_3, uniq_sonja
D:13:     thingy_vault, layout_irregular_city, gammafunk_ghost_hive,
          grunt_potential

Skill      XL: |  1  2  3  4  5  6  7  8  9 10 11 12 13 14 |
---------------+-------------------------------------------+-----
Stealth        | 1 2 3 4 5 7 9 10 11 12 14 | 14.9
Shapeshifting  | 1 2 3 4 5 6 7 8 9 10 | 10.4
Fighting       | 3 4 5 6 7 9 11 | 11.6
Short Blades   | 1 2 3 4 5 6 8 9 10 | 10.0
Dodging        | 4 5 6 7 8 9 10 11 | 11.8
Spellcasting   | 3 |  3.3
Throwing       | |  2.0
Unarmed Combat | |  3.0

Action                     |  1- 3 |  4- 6 |  7- 9 | 10-12 | 13-15 || total
---------------------------+-------+-------+-------+-------+-------++-------
  Melee: Unarmed           |    25 |       |       |       |       ||    25
         Constrict         |    24 |    27 |    35 |    83 |    45 ||   214
         Tentacles         |    23 |    41 |    61 |   152 |   153 ||   430
         Short sword       |    55 |       |       |       |       ||    55
         Punch             |     6 |     5 |     7 |    25 |    20 ||    63
         Dagger            |     8 |   123 |   128 |       |       ||   259
         Rapier            |       |       |    87 |   523 |   420 ||  1030
  Throw: Throwing net      |       |       |     1 |       |     1 ||     2
  Evoke: Wand              |       |       |     4 |    12 |    27 ||    43
    Use: Scroll            |       |       |       |     8 |     2 ||    10
         Potion            |       |       |       |     2 |     3 ||     5
   Stab: Sleeping          |     2 |    11 |    12 |    16 |     6 ||    47
         Paralysed         |       |       |     4 |     7 |     4 ||    15
         Held in net/web   |       |       |     1 |       |       ||     1
         Distracted        |       |       |       |     6 |     1 ||     7
         Invisible         |       |       |       |     6 |    11 ||    17
 Armour: Skin              |    32 |    39 |    65 |   120 |   116 ||   372
  Dodge: Dodged            |    62 |    60 |   150 |   361 |   362 ||   995
  Block: Other             |       |       |    36 |   102 |    54 ||   192
         Reflection        |       |       |     2 |     3 |     4 ||     9
   Form: Beast             |       |       |       |     2 |       ||     2
                           |       |       |       |     1 |       ||     1

Table legend: (Time is in decaauts)
 A = Elapsed time spent in this place.
 B = Non-inter-level travel time spent in this place.
 C = Inter-level travel time spent in this place.
 D = Time resting spent in this place.
 E = Time spent auto-exploring this place.
 F = Levels seen in this place.
 G = Mean time per level.
                   A        B        C        D        E       F      G
               +--------+--------+--------+--------+--------+-----+--------+
         Total |  14999 |  14172 |    827 |    786 |  10227 |  14 | 1071.4 |
       Dungeon |  14166 |  13339 |    827 |    501 |   9921 |  13 | 1089.7 |
        Bailey |    833 |    833 |      0 |    285 |    306 |   1 |  833.0 |
               +--------+--------+--------+--------+--------+-----+--------+

Top non-repeatable levels by time:
    D:12: 1563 daAuts
    D:11: 1555 daAuts
     D:8: 1497 daAuts
     D:5: 1464 daAuts
     D:4: 1421 daAuts
     D:6: 1114 daAuts
     D:7: 1058 daAuts
     D:3: 885 daAuts
    D:10: 839 daAuts
  Bailey: 833 daAuts
    D:13: 764 daAuts
     D:1: 740 daAuts
     D:2: 639 daAuts
     D:9: 622 daAuts
